 Dungeon Crawl Stone Soup version 0.21-a0-356-g45b0a09 (webtiles) character file.

77 Hasart the Ruffian (level 4, -3/40 HPs)
             Began as a Ghoul Monk on Oct 12, 2017.
             Slain by Terence
             ... wielding a +3 hand axe of electrocution
              (4 damage)
             ... on level 2 of the Dungeon.
             The game lasted 00:01:53 (1125 turns).

Hasart the Ruffian (Ghoul Monk)                     Turns: 1125, Time: 00:01:54

Health: -3/40      AC:  6    Str: 15    XL:     4   Next: 33%
Magic:  3/3        EV: 10    Int:  5    God:
Gold:   56         SH:  0    Dex: 11    Spells: 3/3 levels left

rFire    . . .     SeeInvis .     - Unarmed
rCold    + . .     Gourm    .   (no shield)
rNeg     + + +     Faith    .   d - +0 scale mail
rPois    ∞         Spirit   .   (no helmet)
rElec    .         Reflect  .   (no cloak)
rCorr    .         Harm     .   (no gloves)
MR       .....                  (no boots)
Stlth    ..........             (no amulet)
HPRegen  0.00/turn              (no ring)
MPRegen  0.08/turn              (no ring)

@: rotting, slowed, very slow
A: rotting body, claws 1, carnivore 3, cold resistance 1, negative energy
resistance 3, inhibited regeneration, torment resistance, unbreathing
a: no special abilities


You were on level 2 of the Dungeon.
You were not hungry.

You visited 1 branch of the dungeon, and saw 2 of its levels.

You collected 56 gold pieces.

Inventory:

Missiles
 q - a throwing net (quivered)
Armour
 c - a +0 large shield
 d - a +0 scale mail (worn)
Scrolls
 e - 2 scrolls of identify {unknown}
 f - 3 scrolls of remove curse {unknown}
 g - a scroll of teleportation {unknown}
 h - a scroll of enchant weapon {unknown}
 j - a scroll of fear {unknown}
 l - 2 scrolls of fog {unknown}
 m - a scroll of amnesia {unknown}
 o - a scroll of recharging {unknown}
 r - a scroll of blinking {unknown}
Potions
 i - 2 potions of lignification {unknown}
 k - a potion of heal wounds {unknown}
 n - a potion of curing {unknown}
 p - a potion of cancellation {unknown}
 s - a potion of agility {unknown}
Comestibles
 a - 4 chunks of flesh
 b - 2 meat rations


   Skills:
 + Level 3.9 Fighting
 + Level 3.2 Dodging
 - Level 2.1 Stealth
 * Level 4.5 Unarmed Combat


You had 3 spell levels left.
You didn't know any spells.

Dungeon Overview and Level Annotations

Branches:
Dungeon (2/15)

Altars:
Ashenzari

Annotations:
D:2 Terence


Innate Abilities, Weirdness & Mutations

Your body is rotting away.
You thrive on raw meat.
You are immune to poison.
You have sharp fingernails.
You are carnivorous and can eat meat at any time.
Your flesh is cold resistant. (rC+)
You are immune to negative energy. (rN+++)
You do not regenerate when monsters are visible.
You are immune to unholy pain and torment.
You can survive without breathing.


Message History

You kill the quokka!
You closely miss Terence. You claw Terence.
Terence is moderately wounded.
Terence barely misses you.
Terence hits you with a hand axe of electrocution.
You are electrocuted!
You scratch Terence but do no damage.
Terence is moderately wounded.
Terence hits you but does no damage.
You scratch Terence.
Terence is heavily wounded.
Terence hits you with a hand axe of electrocution.
* * * LOW HITPOINT WARNING * * *
You are electrocuted!
* * * LOW HITPOINT WARNING * * *
You scratch Terence but do no damage.
Terence is heavily wounded.
Terence says, "You're history."
Terence hits you with a hand axe of electrocution.
You die...

#.# ####### #.# #.# #..
... #. #####.# #.# ..##
## ##...#.# #.# ##.###.
#......###.##.##..#.#
#.###...^.........#......
#..............####..#.##
#####...#.#.............
##.@._....####..####
#@##.#...# #..####
#..##.....# #..##..
#...####..## #..# .#
#..... #.## #.># #......
#[# #..# ##...... ...
.... ............
#..#.#........


You could see Terence.

Vanquished Creatures
  Natasha (D:2)
  A gnoll (D:1)
  An adder (D:2)
  An ooze (D:2)
  A worm (D:2)
  A dart slug (D:1)
  5 goblins
  4 hobgoblins (D:1)
  A quokka (D:2)
  2 ball pythons (D:1)
  2 bats (D:1)
  2 frilled lizards
  3 kobolds
  2 rats (D:1)
27 creatures vanquished.

Notes
Turn   | Place    | Note
-------+----------+-------------------------------------------
     0 | D:1      | Hasart the Ghoul Monk began the quest for the Orb.
     0 | D:1      | Reached XP level 1. HP: 19/19 MP: 0/0
    23 | D:1      | Reached XP level 2. HP: 22/26 MP: 1/1
   276 | D:1      | Reached XP level 3. HP: 31/31 MP: 2/2
   282 | D:1      | Reached skill level 4 in Unarmed Combat
  1086 | D:2      | Found a shattered altar of Ashenzari.
  1111 | D:2      | Noticed Natasha
  1113 | D:2      | Noticed Terence
  1115 | D:2      | Killed Natasha
  1115 | D:2      | Reached XP level 4. HP: 40/40 MP: 3/3
  1124 | D:2      | HP: 1/40 [Terence/hand axe of electrocution (10)]
  1125 | D:2      | Slain by Terence

Vault maps used:
D:1:      scummos_arrival_hexagon, hex_intersection
D:2:      ashenzari_altar_1, uniq_natasha, uniq_terence

Skill      XL: |  1  2  3 |
---------------+----------+-----
Dodging        | 3 |  3.2
Unarmed Combat | 4 |  4.5
Fighting       | |  3.9
Stealth        | |  2.1

Action                   |  1- 3 |  4- 6 || total
-------------------------+-------+-------++-------
Melee: Unarmed           |    62 |     9 ||    71
       Punch             |       |     1 ||     1
 Stab: Sleeping          |     6 |       ||     6
  Eat: Chunk             |     1 |       ||     1
Armor: Robe              |     5 |       ||     5
       Scale mail        |     4 |     5 ||     9
Dodge: Dodged            |    33 |     5 ||    38

Table legend:
 A = Spawn XP
 B = Non-spawn XP
 C = Spawn XP percentage of total XP
 D = Spawn monster count
 E = Non-spawn monster count
 F = Spawn count percentage of total count
 G = Total turns spent on level
                    A         B        C        D         E        F      G
               +---------+---------+-------+---------+---------+-------+---------
         Total |       0 |     110 |   0.0 |       0 |      27 |   0.0 |  1125
               +---------+---------+-------+---------+---------+-------+---------
           D:1 |       0 |      44 |   0.0 |       0 |      19 |   0.0 |   898
           D:2 |       0 |      66 |   0.0 |       0 |       8 |   0.0 |   227
               +---------+---------+-------+---------+---------+-------+---------
